 Dungeon Crawl Stone Soup version 0.29-a0-322-g68df515428 (webtiles) character file.

Game seed: 8583996848493279708

57 siradein the Conjurer (level 3, -1/29 HPs)
             Began as a Draconian Conjurer on Apr 8, 2022.
             Slain by Pargi (2 damage)
             ... on level 3 of the Dungeon.
             The game lasted 00:04:23 (2002 turns).

siradein the Conjurer (Draconian Conjurer)          Turns: 2002, Time: 00:04:24

Health: -1/29      AC:  5    Str:  9    XL:     3   Next: 73%
Magic:  2/6        EV: 12    Int: 20    God:
Gold:   123        SH:  0    Dex:  9    Spells: 4/7 levels left

rFire   . . .      SeeInvis .   e - +0 rapier
rCold   . . .      Faith    .   (no shield)
rNeg    . . .      Spirit   .   (body armour unavailable)
rPois   .          Reflect  .   (helmet restricted)
rElec   .          Harm     .   (no cloak)
rCorr   .          Rampage  .   (no gloves)
Will    .....                   (no boots)
Stlth   ++........              (no amulet)
HPRegen 0.09/turn               (no ring)
MPRegen 0.10/turn               (no ring)

@: no status effects
A: AC +5, unfitting armour, cold-blooded
a: no special abilities


You were on level 3 of the Dungeon.
You visited 1 branch of the dungeon, and saw 3 of its levels.

You collected 123 gold pieces.

Inventory:

Hand Weapons
 e - a +0 rapier (weapon)
Scrolls
 g - a scroll of fog
 h - a scroll of torment {unknown}
 i - a scroll of blinking {unknown}
 j - a scroll of brand weapon {unknown}
 k - a scroll of noise {unknown}
 l - 2 scrolls of identify {unknown}
Potions
 a - a potion of magic
 b - a potion of flight {unknown}
 c - a potion of haste {unknown}
 d - a potion of curing {unknown}
 f - a potion of lignification {unknown}


   Skills:
 + Level 1.6 Fighting
 + Level 2.3 Dodging
 - Level 1.7 Stealth
 + Level 2.5 Spellcasting
 + Level 4.4 Conjurations


You had 4 spell levels left.
You knew the following spells:

 Your Spells              Type           Power      Damage    Failure   Level
a - Magic Dart            Conj           80%        1d7       2%          1
b - Searing Ray           Conj           40%        2d5       3%          2

Your spell library contained the following spells:

 Spells                   Type           Power      Damage    Failure   Level
 Static Discharge         Conj/Air       11%        N/A       9%          2
 Dazzling Flash           Conj/Hex       22%        N/A       19%         3
 Fulminant Prism          Conj/Hex       5%         3d7       52%         4
 Iskenderun's Mystic Bla  Conj/Tloc      11%        2d4       52%         4
 Sticky Flame             Conj/Fire      11%        2d3       52%         4
 Dispel Undead            Necr           2%         3d7       83%         4


Dungeon Overview and Level Annotations

Branches:
Dungeon (3/15)

Altars:

Annotations:
D:3 Pargi


Innate Abilities, Weirdness & Mutations

Your plain brown scales are hard. (AC +5)
You cannot fit into any form of body armour.
You are cold-blooded and may be slowed by cold attacks.


Message History

Confirm with . or Enter, or press ? or * to list all spells.
Aiming: Searing Ray (safe; 3% risk of failure)
Press: ? - help, Shift-Dir - straight line, f/p - Pargi
Aim: Pargi (lightly wounded, 72% to hit)
The searing ray hits Pargi.
Pargi is moderately wounded. (Press . to maintain the ray.)
The searing ray hits Pargi!
Pargi is moderately wounded.
Without enough magic to sustain it, your searing ray dissipates.
Your magical contamination has completely faded away.
Pargi bites you. Pargi claws you. Pargi claws you but does no damage.
Pargi attacks as you move away! Pargi bites you. Pargi misses you.
Pargi claws you but does no damage.
You see here a giant cockroach corpse.
Pargi attacks as you move away! Pargi bites you but does no damage.
Pargi closely misses you. Pargi claws you but does no damage.
Pargi attacks as you move away! Pargi bites you.
Pargi claws you but does no damage. Pargi closely misses you.
Pargi attacks as you move away! Pargi misses you. Pargi claws you.
Pargi claws you but does no damage.
Pargi snarls, "Go!
Away!"
Pargi attacks as you move away! Pargi bites you. Pargi barely misses you.
Pargi claws you.
* * * LOW HITPOINT WARNING * * *
You see here a frilled lizard corpse.
You closely miss Pargi.
Your tail-slap misses Pargi.
Pargi is lightly wounded.
Pargi bites you but does no damage. Pargi barely misses you. Pargi misses you.
Pargi barely misses you. Pargi claws you.
* * * LOW HITPOINT WARNING * * *
Pargi misses you.
You closely miss Pargi. Pargi misses you. Pargi claws you.
* * * LOW HITPOINT WARNING * * *
Pargi claws you.
* * * LOW HITPOINT WARNING * * *
Unknown command.
As you read the scroll labelled KADOAT MALE, it crumbles to dust.
The scroll dissolves into smoke.
It was a scroll of fog.
Pargi bites you.
You die...

#...#
#.......#
#...#
#.......#
#...# #.#
###.#####†#
#...#.....#
#...#.#####
#...#§#
#...#T#
##.##@#
#.##§#
#.##§#
#....#
######


You could see Pargi.

Vanquished Creatures
  An adder (D:3)
  2 worms (D:2)
  A dart slug (D:2)
  An orc (D:3)
  2 bats
  An endoplasm (D:1)
  3 giant cockroaches
  5 goblins
  2 hobgoblins
  4 jackals
  5 quokkas (D:1)
  4 frilled lizards
  3 kobolds
  2 rats (D:2)
36 creatures vanquished.

Notes
Turn   | Place    | Note
-------+----------+-------------------------------------------
     0 | D:1      | siradein the Draconian Conjurer began the quest for the
                  | Orb.
     0 | D:1      | Reached XP level 1. HP: 14/14 MP: 3/3
   225 | D:1      | Found a faded altar of an unknown god.
   276 | D:1      | Reached XP level 2. HP: 20/22 MP: 1/5
   460 | D:1      | Reached skill level 1 in Fighting
  1057 | D:2      | Reached XP level 3. HP: 23/28 MP: 1/6
  1067 | D:2      | Learned a level 2 spell: Searing Ray
  1983 | D:3      | Noticed Pargi
  2001 | D:3      | HP: 1/29 [Pargi (2)]
  2002 | D:3      | Slain by Pargi

Illustrated notes

Levels and vault maps discovered:
D:1:      scummos_arrival_simple_crosswalls, layout_rooms,
          dreamdust_ecumenical_altar_hidden_monk_grotto
D:2:      layout_basic, hangedman_decor_lopped
D:3:      layout_basic, uniq_pargi

Skill      XL: |  1  2 |
---------------+-------+-----
Dodging        | 2 |  2.3
Fighting       | 1 |  1.6
Stealth        | |  1.7
Spellcasting   | |  2.5
Conjurations   | |  4.4

Action                   || total
-------------------------++-------
Melee: Unarmed           ||    39
       Tailslap          ||     9
       Rapier            ||    25
 Cast: Magic Dart        ||    66
       Searing Ray       ||     2
  Use: Scroll            ||     1
Armor: Skin              ||    36
Dodge: Dodged            ||    58

Table legend: (Time is in decaauts)
 A = Elapsed time spent in this place.
 B = Non-inter-level travel time spent in this place.
 C = Inter-level travel time spent in this place.
 D = Time resting spent in this place.
 E = Time spent auto-exploring this place.
 F = Levels seen in this place.
 G = Mean time per level.
                   A        B        C        D        E       F      G
               +--------+--------+--------+--------+--------+-----+--------+
         Total |   2006 |   1956 |     50 |      0 |   1699 |   3 |  668.7 |
       Dungeon |   2006 |   1956 |     50 |      0 |   1699 |   3 |  668.7 |
               +--------+--------+--------+--------+--------+-----+--------+

Top non-repeatable levels by time:
     D:2: 998 daAuts
     D:1: 849 daAuts
     D:3: 158 daAuts
